 Dungeon Crawl Stone Soup version 0.30.1-6-gbe392663c4 (webtiles) character file.

Game seed: 619330530486157524

1522 monsoonserge the Arsonist (level 8, -4/42 HPs)
             Began as a Deep Elf Fire Elementalist on Sept 22, 2023.
             Was a Follower of Vehumet.
             Engulfed by a steam dragon's steam (7 damage)
             ... on level 7 of the Dungeon.
             The game lasted 00:26:37 (6058 turns).

monsoonserge the Arsonist (DEFE)                    Turns: 6058, Time: 00:26:37

Health: -4/42      AC:  7    Str:  5    XL:     8   Next: 54%
Magic:  10/18      EV: 12    Int: 35    God:    Vehumet [*.....]
Gold:   457        SH:  0    Dex: 15    Spells: 3/17 levels left

rFire   . . .        b - +9 whip of Wu Jian's Respect {freeze, *Corrode +Blink rN+}
rCold   . . .        (no shield)
rNeg    + . .        p - +0 leather armour
rPois   .            i - +2 helmet
rElec   .            F - +0 cloak
rCorr   .            (no gloves)
SInv    .            (no boots)
Will    .....        (no amulet)
Stlth   ++           o - +6 ring of intelligence
HPRegen 0.27/turn    t - +6 ring of intelligence
MPRegen 0.16/turn

%: corrode self (3%)
@: brilliant
A: no striking features
a: Renounce Religion, Evoke Blink


You were on level 7 of the Dungeon.
You worshipped Vehumet.
Vehumet was aware of your devotion.
You visited 2 branches of the dungeon, and saw 8 of its levels.
You also visited: Ossuary.

You collected 457 gold pieces.

Inventory:

Hand Weapons
 a - a +0 arbalest
 b - the +9 whip of Wu Jian's Respect (weapon) {freeze, *Corrode +Blink rN+}
   (You found it on level 5 of the Dungeon)

   rN:        It protects you from negative energy.
   +Blink:    It lets you blink.
   *Corrode:  It may corrode you when you take damage.
 m - a +2 dagger of chaos
 q - a +1 vampiric spear
 K - a +0 long sword of draining
Missiles
 e - 3 boomerangs
 l - 9 poisoned darts (quivered)
 B - 5 javelins
Armour
 i - a +2 helmet (worn)
 p - a +0 leather armour (worn)
 y - a +0 ring mail
 F - a +0 cloak (worn)
 H - a +0 robe
Jewellery
 c - a ring of magical power
 d - an amulet of faith
 o - a +6 ring of intelligence (left hand)
 t - a +6 ring of intelligence (right hand)
 G - a +6 ring of strength
Wands
 z - a wand of charming (8)
Scrolls
 f - a scroll of brand weapon
 h - 3 scrolls of magic mapping {unknown}
 j - a scroll of blinking
 k - a scroll of identify
 n - 3 scrolls of fear {unknown}
 r - 3 scrolls of fog {unknown}
 s - 2 scrolls of vulnerability
 u - 3 scrolls of teleportation {unknown}
 v - 3 scrolls of immolation {unknown}
 w - 4 scrolls of amnesia
 A - a scroll of poison
 D - a scroll of summoning
 I - a scroll of silence
Potions
 g - a potion of mutation
 x - 3 potions of brilliance
 C - a potion of curing
 E - 4 potions of attraction
 J - a potion of magic
 L - 3 potions of might
 M - a potion of invisibility
 N - a potion of flight


   Skills:
 + Level 0.5 Fighting
 + Level 0.3 Maces & Flails
 + Level 0.2 Polearms
 + Level 1.6 Ranged Weapons
 * Level 3.4 Armour
 - Level 3.0 Dodging
 - Level 3.0 Stealth
 + Level 5.4 Spellcasting
 + Level 3.8 Conjurations
 - Level 2.0 Translocations
 + Level 8.4 Fire Magic
 * Level 2.6 Evocations


You had 3 spell levels left.
You knew the following spells:

 Your Spells              Type           Power      Damage    Failure   Level
a - Foxfire               Conj/Fire      100%       2x1d9     1%          1
b - Scorch                Fire           100%       2d9       1%          2
c - Volatile Blastmotes   Fire/Tloc      100%       2d18      2%          3
d - Sticky Flame          Conj/Fire      68%        2d8       4%          4
e - Flame Wave            Conj/Fire      68%        2d15      4%          4

Your spell library contained the following spells:

 Spells                   Type           Power      Damage    Failure   Level
 Magic Dart               Conj           100%       1d8       1%          1
 Apportation              Tloc           70%        N/A       2%          1
 Inner Flame              Hex/Fire       55%        N/A       3%          3
 Poisonous Vapours        Pois/Air       28%        N/A       10%         2
 Mephitic Cloud           Conj/Pois/Air  27%        N/A       11%         3
 Portal Projectile        Hex/Tloc       48%        N/A       12%         3
 Call Canine Familiar     Summ           14%        N/A       19%         3
 Leda's Liquefaction      Hex/Erth       7%         N/A       52%         4
 Freezing Cloud           Conj/Ice/Air   13%        6-21      71%         5
 Alistair's Intoxication  Tmut/Pois      9%         N/A       86%         5


Dungeon Overview and Level Annotations

Branches:
Dungeon (7/15)             Temple (1/1) D:5         Ossuary (visited)

Altars:
Ashenzari
Cheibriados
Dithmenos
Elyvilon
Fedhas
Gozag
Hepliaklqana
Makhleb
Nemelex Xobeh
Okawaru
Qazlal
Ru
Sif Muna
Trog
Vehumet
Wu Jian
Xom
Yredelemnul

Shops:
D:5 :


Message History

Unknown command.
Found a scale mail.
Magic restored.
You see here a +0 scale mail.
A steam dragon comes into view.
Casting: Scorch (safe; 1% risk of failure)
Confirm with . or Enter, or press ? or * to list all spells.
Flames lash the steam dragon.
The steam dragon hisses angrily.
The steam dragon is lightly wounded.
The steam dragon's fire resistance burns away.
Casting: Scorch (safe; 1% risk of failure)
Confirm with . or Enter, or press ? or * to list all spells.
Flames lash the steam dragon.
The steam dragon is burned terribly!
The steam dragon is moderately wounded.
The steam dragon barely misses you. The steam dragon misses you.
Unknown command.
Casting: Scorch (safe; 1% risk of failure)
Confirm with . or Enter, or press ? or * to list all spells.
Flames lash the steam dragon.
The steam dragon is burned terribly!
The steam dragon is almost dead.
The steam dragon breathes steam at you. The ball of steam hits you!
Unknown command.
Casting: Scorch (safe; 1% risk of failure)
Confirm with . or Enter, or press ? or * to list all spells.
Flames lash the steam dragon.
The steam dragon is almost dead.
You are engulfed in a cloud of scalding steam.
The steam dragon bites you!
* * * LOW HITPOINT WARNING * * *
The steam dragon claws you.
* * * LOW HITPOINT WARNING * * *
Press: ? - help, v - describe, . - travel The floor, spattered with blood.
There is a cloud of steam here.
It was a potion of brilliance.
You feel clever all of a sudden.
You are engulfed in a cloud of scalding steam.
You die...

##.## #.# #.#
### #.# #.# #.#
#.# #.# #.# #.#
#.# #§# #@#
#.....§§D.....#
#.#####.#######
#.. ###


You could see a steam dragon (catching breath, combustible).

Vanquished Creatures
  2 water moccasins (D:6)
  An ice beast (D:6)
  A sky beast (D:6)
  A phantom (D:6)
  A bullfrog (D:6)
  3 scorpions
  A crimson imp (D:3)
  6 hounds
  3 sleepcaps
  3 iguanas
  3 orc wizards
  A hound zombie (Ossuary)
  4 mummies (Ossuary)
  4 gnolls (D:2)
  8 adders
  5 white imps
  6 ufetubi
  3 adder zombies (Ossuary)
  2 dart slugs (D:1)
  A worm (D:3)
  9 orcs
  6 bats
  9 endoplasms
  8 giant cockroaches
  A gnoll zombie (Ossuary)
  7 goblins
  9 hobgoblins
  12 jackals
  2 quokkas
  7 ball pythons
  3 frilled lizards
  2 jackal zombies (Ossuary)
  5 kobolds
  3 kobold zombies (Ossuary)
  2 orc zombies (Ossuary)
  4 rats
148 creatures vanquished.

Vanquished Creatures (collateral kills)
  2 foxfires (D:2)
2 creatures vanquished.

Vanquished Creatures (others)
  275 foxfires
275 creatures vanquished.

Grand Total: 425 creatures vanquished

Notes
Turn   | Place    | Note
-------+----------+-------------------------------------------
     0 | D:1      | monsoonserge the Deep Elf Fire Elementalist began the quest
                  | for the Orb.
     0 | D:1      | Reached XP level 1. HP: 10/10 MP: 6/6
   234 | D:1      | Reached XP level 2. HP: 15/15 MP: 8/8
   363 | D:1      | Reached skill level 4 in Fire Magic
   402 | D:1      | Learned a level 2 spell: Scorch
   528 | D:1      | Reached XP level 3. HP: 19/19 MP: 9/9
   751 | D:1      | You fall into a shaft and drop 1 floor!
  1039 | D:2      | Reached XP level 4. HP: 24/24 MP: 10/10
  1048 | D:2      | Reached skill level 5 in Fire Magic
  1257 | D:2      | Reached skill level 1 in Armour
  1450 | D:2      | Reached XP level 5. HP: 28/28 MP: 11/11
  2396 | D:3      | Found a shimmering altar of Xom.
  2396 | D:3      | Found a burning altar of Makhleb.
  2543 | D:4      | Reached XP level 6. HP: 25/32 MP: 13/13
  2621 | D:3      | Learned a level 3 spell: Volatile Blastmotes
  2693 | D:4      | Reached skill level 6 in Fire Magic
  2818 | D:4      | Reached skill level 1 in Translocations
  3467 | D:5      | Entered Level 5 of the Dungeon
  3544 | D:5      | Identified the +9 whip of Wu Jian's Respect {freeze,
                  | *Corrode +Blink rN+}
  3662 | D:5      | Reached XP level 7. HP: 33/36 MP: 15/15
  3663 | D:5      | Reached skill level 1 in Evocations
  3865 | D:5      | Found Gisoyqip's Book Shop.
  3921 | D:5      | Found a staircase to the Ecumenical Temple.
  3934 | Temple   | Entered the Ecumenical Temple
  4204 | Temple   | Became a worshipper of Vehumet
  4352 | D:5      | Found a large runed translucent door.
  4355 | D:5      | Found a large runed translucent door.
  4540 | D:5      | Found a blossoming altar of Fedhas.
  4602 | D:5      | Found a shimmering blue altar of Sif Muna.
  4643 | D:6      | Reached skill level 1 in Ranged Weapons
  4643 | D:6      | Reached skill level 7 in Fire Magic
  4670 | D:6      | Learned a level 4 spell: Sticky Flame
  5085 | D:6      | Reached XP level 8. HP: 42/42 MP: 17/17
  5285 | D:6      | Reached skill level 5 in Spellcasting
  5399 | D:6      | Reached skill level 8 in Fire Magic
  5657 | D:7      | Found a sand-covered staircase.
  5689 | D:7      | Learned a level 4 spell: Flame Wave
  5693 | Ossuary  | Entered an ossuary
  5700 | Ossuary  | Reached * piety under Vehumet
  5700 | Ossuary  | Offered knowledge of Magic Dart by Vehumet.
  6058 | D:7      | Engulfed by a steam dragon's steam

Illustrated notes

Levels and vault maps discovered:
D:1:      dpeg_chamrin_arrival_tetris, layout_rooms, minmay_tromino_v4_b
D:2:      layout_rooms, serial_park_tiny_1, serial_bayou_lake_a
D:3:      layout_loops_ring, grunt_temple_overflow_champion_of_chaos
D:4:      layout_basic, serial_demonic, serial_demonic_c, serial_demonic_b,
          serial_demonic_b, serial_demonic_b, serial_demonic_e, serial_demonic_d
D:5:      layout_cave_pods, jmf_multi_god_temple2, temple_green, serial_shops,
          nicolae_shop_rolling_square
D:6:      layout_gridville, nicolae_elevator_lobby_asterisk
D:7:      layout_loops_ring, gammafunk_temple_overflow_arena,
          nicolae_ossuary_entry_monument, uniq_maggie
Temple:   minmay_temple_curvy_branch

Skill      XL: |  1  2  3  4  5  6  7  8 |
---------------+-------------------------+-----
Fire Magic     | 4 5 6 7 8 |  8.4
Conjurations   | 2 3 |  3.8
Armour         | 1 2 3 |  3.4
Dodging        | 3 |  3.0
Spellcasting   | 4 5 |  5.4
Translocations | 1 2 |  2.0
Stealth        | 3 |  3.0
Evocations     | 2 |  2.6
Ranged Weapons | 1 |  1.6
Fighting       | |  0.5
Maces & Flails | |  0.3
Polearms       | |  0.2

Action                     |  1- 3 |  4- 6 |  7- 9 || total
---------------------------+-------+-------+-------++-------
  Melee: Spear             |       |     9 |       ||     9
         Dagger            |       |     1 |       ||     1
         Whip              |       |     1 |     7 ||     8
   Fire: Arbalest          |       |     5 |     7 ||    12
   Cast: Foxfire           |    62 |    64 |    41 ||   167
         Scorch            |     8 |    48 |    35 ||    91
         Volatile Blastmot |       |     6 |     2 ||     8
         Flame Wave        |       |       |     1 ||     1
    Use: Potion            |       |     1 |     1 ||     2
         Scroll            |       |       |    14 ||    14
   Stab: Sleeping          |       |     1 |       ||     1
 Armour: Robe              |     2 |       |       ||     2
         Leather armour    |     1 |     7 |     3 ||    11
  Dodge: Dodged            |     2 |    22 |    14 ||    38
